Map: Vaani Research Station (Void)

Players

Hades - Winner!

  • Race: Terran Terran
  • Spawn Location: 12:00

A.I. 1 (Hard)

  • Race: Terran Terran
  • Spawn Location: 6:00

VOD

Have the link to the VOD?

Description

Time

  • Played on: Jan. 6, 2017, 8:15 p.m.
  • Length: 5:54
Show
View Real Time Build Order
Export as new Build Order

Hades Terran - Winner!

Build Orders:  

Get SALT Encoding   

  12  0:01  SCV  
  13  0:16  Supply Depot  
  13  0:19  SCV  
  14  0:30  Refinery  
  14  0:31  SCV  
  15  0:43  Barracks  
  15  0:51  SCV  
  16  1:03  SCV  
  17  1:10  Barracks  
  17  1:18  SCV  
  18  1:32  Orbital Command  
  18  1:34  Barracks Reactor  
  18  1:43  Supply Depot  
  18  1:58  Refinery  
  18  1:59  Barracks Tech Lab  
  18  2:02  SCV  
  19  2:10  Factory  
  19  2:11  Marine  
  19  2:13  Marine  
  21  2:17  SCV  
  22  2:26  Marine  
  23  2:31  Stimpack  
  23  2:32  SCV  
  24  2:38  Marine  
  24  2:39  Marine  
  26  2:46  Marine  
  27  2:56  Starport  
  27  2:58  Factory Reactor  
  27  3:00  Marine x2  
  27  3:03  SCV  
  30  3:06  Marine  
  31  3:16  Supply Depot  
  31  3:22  Supply Depot  
  31  3:38  SCV  
  32  3:48  Marine x2  
  34  3:49  Factory Tech Lab  
  34  3:50  Medivac x2  
  34  3:54  SCV  
  40  4:05  Marine  
  40  4:06  Supply Depot x2  
  40  4:07  Marine x2  
  42  4:14  SCV  
  43  4:32  Marine x2  
  43  4:33  Siege Tank  
  48  4:47  Command Center  
  48  4:48  SCV  
  49  4:54  Medivac  
  49  4:56  Marine  
  52  5:04  SCV, Marine  
  52  5:05  Marine  
  53  5:32  Marine x2  
  53  5:33  Marine  
Show
View Real Time Build Order
Export as new Build Order

A.I. 1 (Hard) Terran 

Build Orders:  

Get SALT Encoding   

  12  0:00  SCV  
  13  0:13  SCV  
  14  0:20  Supply Depot  
  14  0:25  SCV  
  15  0:41  SCV  
  16  0:43  Barracks  
  16  0:49  Refinery  
  16  0:53  SCV  
  17  1:05  SCV  
  18  1:17  SCV  
  19  1:21  Supply Depot  
  19  1:30  SCV, Marine  
  21  1:40  Barracks  
  21  1:43  Orbital Command  
  21  1:48  Refinery  
  21  1:49  Barracks Tech Lab  
  21  2:06  Marine  
  21  2:07  Supply Depot  
  22  2:24  Marine  
  22  2:27  Marine  
  24  2:42  Marine  
  25  2:44  Marine  
  25  2:47  Supply Depot  
  26  2:54  SCV  
  27  3:00  Marine  
  27  3:02  Marine  
  29  3:06  SCV  
  29  3:07  Engineering Bay  
  30  3:18  SCV, Marauder  
  33  3:20  Marine  
  33  3:22  Supply Depot  
  34  3:30  SCV  
  35  3:39  Marauder  
  37  3:43  SCV  
  38  3:55  SCV  
  39  4:01  Marauder  
  41  4:22  Marauder  
  43  5:00  Barracks Tech Lab  
  43  5:02  Factory  
  43  5:05  Factory  
  43  5:08  Command Center  
  42  5:15  SCV  
  32  5:27  SCV  
  20  5:39  SCV  
Tags
 
Add a new tag
Caveats
  • Supply blocks, unpowered buildings, or Contaminate may cause inaccurate times.
  • Supply counts are checked every 10 seconds.